 Dungeon Crawl Stone Soup version 0.27-a0-406-g23f261fbd2 (webtiles) character file.

Game seed: 16136588616628152821

165988 Hasart the Carver (level 16, -10/137 HPs)
             Began as a Demigod Fighter on Feb 22, 2021.
             Mangled by Hasart's illusion (illusionary) (16 damage)
             ... woven by Mara
             ... on level 3 of the Spider Nest on Feb 23, 2021.
             The game lasted 01:24:23 (35144 turns).

Hasart the Carver (Demigod Fighter)                Turns: 35144, Time: 01:24:24

Health: -10/137    AC: 28    Str: 40    XL:     16   Next: 73%
Magic:  29/29      EV: 15    Int: 16    God:
Gold:   1900       SH: 15    Dex: 17    Spells: 26/26 levels left

rFire    + . .     SeeInvis +   Z - +8 eveningstar of Ceep {flame, rPois Stlth+}
rCold    . . .     Faith    .   r - +0 kite shield {AC+3}
rNeg     + . .     Spirit   .   C - +8 plate armour "Zaper" {rF+ Str+5 Int+2}
rPois    +         Reflect  .   w - +0 helmet
rElec    +         Harm     .   F - scarf {shadows}
rCorr    .         Rampage  .   J - -4 pair of gloves "Nosunaun" {rElec rN+ Will+}
Will     ++...                  t - +2 pair of boots
Stlth    ..........             Y - amulet of regeneration
HPRegen  1.32/turn              a - ring of see invisible
MPRegen  0.21/turn              G - ring of the Final Decision {rPois Str+6}

@: about to teleport
A: high mp 1
a: no special abilities


You were on level 3 of the Spider Nest.
You visited 4 branches of the dungeon, and saw 27 of its levels.
You also visited: Ice Cave.

You collected 3067 gold pieces.
You spent 1167 gold pieces at shops.

Inventory:

Hand Weapons
 I - the +6 falchion of the Snake Pit {holy, Str+7}
   (You bought it in a shop on level 6 of the Dungeon)

   It has been blessed by the Shining One to cause great damage to the undead
   and demons.
   It affects your strength (+7).
 S - a +3 long sword of electrocution
 Z - the +8 eveningstar of Ceep (weapon) {flame, rPois Stlth+}
   (You found it on level 15 of the Dungeon)

   It has been specially enchanted to burn those struck by it, causing extra
   injury to most foes and up to half again as much damage against particularly
   susceptible opponents.
   It protects you from poison.
   It makes you more stealthy.
Missiles
 h - 6 silver javelins (quivered)
 Q - 21 curare-tipped darts
Armour
 r - a +0 kite shield of protection (worn)
 t - a +2 pair of boots (worn)
 w - a +0 helmet (worn)
 B - a +2 chain mail of willpower
 C - the +8 plate armour "Zaper" (worn) {rF+ Str+5 Int+2}
   (You found it on level 15 of the Dungeon)

   It affects your strength (+5).
   It affects your intelligence (+2).
   It protects you from fire.
 F - a scarf of shadows (worn)
 J - the -4 pair of gloves "Nosunaun" (worn) {rElec rN+ Will+}
   (You acquired it on level 4 of the Lair of Beasts)

   It insulates you from electricity.
   It protects you from negative energy.
   It affects your willpower, your defense against some magical effects.
 L - a +2 pair of gloves
Jewellery
 a - a ring of see invisible (left hand)
 b - a ring of poison resistance
 f - an amulet of reflection
 y - a ring of fire
 D - a ring of resist corrosion
 G - the ring of the Final Decision (right hand) {rPois Str+6}
   (You acquired it on level 4 of the Lair of Beasts)

   [ring of strength]

   It affects your strength (+6).
   It protects you from poison.
 H - a ring of magical power
 N - a ring of ice
 P - a +4 ring of protection
 Y - an amulet of regeneration (around neck)
Wands
 e - a wand of flame (17)
 x - a wand of polymorph (38)
 E - a wand of mindburst (16)
 R - a wand of iceblast (12)
 W - a wand of paralysis (18)
 X - a wand of acid (7)
Scrolls
 i - 11 scrolls of fear
 l - 6 scrolls of teleportation
 m - 22 scrolls of identify
 p - 8 scrolls of amnesia
 q - 7 scrolls of enchant weapon
 v - 8 scrolls of blinking
 A - 2 scrolls of enchant armour
 K - 4 scrolls of magic mapping
 V - 5 scrolls of fog
Potions
 c - a potion of magic
 d - 6 potions of might
 j - 4 potions of haste
 k - 4 potions of heal wounds
 n - 6 potions of curing
 o - 4 potions of resistance
 s - 14 potions of ambrosia
 u - 2 potions of flight
 z - a potion of berserk rage
 M - 5 potions of brilliance
 O - a potion of invisibility
 T - 4 potions of mutation {unknown}
 U - 2 potions of cancellation


   Skills:
 + Level 11.1 Fighting
 - Level 12.2 Long Blades
 * Level 10.7 Maces & Flails
 + Level 10.8 Throwing
 + Level 11.2 Armour
 + Level 10.8 Dodging
 + Level 11.1 Shields
 + Level 5.9 Spellcasting
 + Level 1.8 Evocations


You had 26 spell levels left.
You didn't know any spells.
Your spell library contained the following spells:

 Spells                   Type           Power        Failure   Level
 Apportation              Tloc           8%           69%         1
 Beastly Appendage        Tmut           8%           69%         1
 Corona                   Hex            4%           69%         1
 Foxfire                  Conj/Fire      16%          69%         1
 Magic Dart               Conj           16%          69%         1
 Sting                    Tmut/Pois      16%          69%         1
 Summon Small Mammal      Summ           16%          69%         1
 Blink                    Tloc           N/A          83%         2
 Call Imp                 Summ           4%           83%         2
 Ensorcelled Hibernation  Hex/Ice        8%           83%         2
 Poisonous Vapours        Pois/Air       8%           83%         2
 Slow                     Hex            4%           83%         2
 Wereblood                Tmut           4%           83%         2
 Call Canine Familiar     Summ           4%           96%         3
 Confusing Touch          Hex            4%           96%         3
 Conjure Flame            Conj/Fire      4%           96%         3
 Dazzling Flash           Conj/Hex       8%           96%         3
 Ignite Poison            Fire/Tmut/Pois 4%           96%         3
 Inner Flame              Hex/Fire       4%           96%         3
 Lesser Beckoning         Tloc           2%           96%         3
 Mephitic Cloud           Conj/Pois/Air  4%           96%         3
 Spider Form              Tmut/Pois      2%           96%         3
 Summon Guardian Golem    Hex/Summ       4%           96%         3
 Teleport Other           Tloc           4%           96%         3
 Tukima's Dance           Hex            4%           96%         3
 Ice Form                 Ice/Tmut       4%           100%        4
 Manifold Assault         Tloc           4%           100%        4
 Olgreb's Toxic Radiance  Pois           4%           100%        4
 Passage of Golubria      Tloc           N/A          100%        4
 Sticky Flame             Conj/Fire      4%           100%        4
 Summon Ice Beast         Ice/Summ       4%           100%        4
 Summon Lightning Spire   Summ/Air       4%           100%        4
 Alistair's Intoxication  Tmut/Pois      2%           100%        5
 Blade Hands              Tmut           2%           100%        5
 Fireball                 Conj/Fire      2%           100%        5
 Silence                  Hex/Air        2%           100%        5
 Summon Forest            Summ/Tloc      2%           100%        5
 Conjure Ball Lightning   Conj/Air       2%           100%        6
 Invisibility             Hex            4%           100%        6
 Tornado                  Air            2%           100%        9


Dungeon Overview and Level Annotations

Branches:
Dungeon (15/15)            Temple (0/1) D:7            Lair (6/6) D:11
  Swamp (0/4) Lair:4       Spider (4/4) Lair:2        Slime (0/5) Lair:6
    Orc (2/2) D:11            Elf (0/3) Orc:2        Vaults (0/5) D:13
 Depths (0/5) D:15          IceCv (visited)

Shops:
D:5 *   D:6 (   D:11 !:**   D:13 (   Orc:2 ?[(?

Annotations:
Lair:5 3 runed translucent doors, Retesyof's ghost, journeyman MiFi
Spider:3 Mara


Innate Abilities, Weirdness & Mutations

You have an increased reservoir of magic. (+10% MP)


Message History

Mara blinks!
Hasart's illusion hits you! Hasart's illusion burns you.
You block the tarantella's attack.
There is a stone staircase leading down, spattered with blood here.
You barely miss the tarantella.
The tarantella bites you but does no damage.
You block Hasart's illusion's attack. The tarantella misses you.
Unknown command.
You sock the tarantella! You burn the tarantella!
The tarantella is almost dead.
Hasart's illusion hits you!!
* * * LOW HITPOINT WARNING * * *
Hasart's illusion burns you.
* * * LOW HITPOINT WARNING * * *
You block the tarantella's attack.
As you read the scroll of teleportation, it crumbles to dust.
You feel strangely unstable. The tarantella bites you!
* * * LOW HITPOINT WARNING * * *
You are confused.
Hasart's illusion misses you. The tarantella closely misses you.
Unknown command.
You closely miss Hasart's illusion.
Hasart's illusion is lightly wounded.
Hasart's illusion hits you but does no damage.
The tarantella bites you but does no damage.
Unknown command.
The tarantella closely misses you. Hasart's illusion hits you.
* * * LOW HITPOINT WARNING * * *
Mara blinks!
Mara is caught in a web!
Unknown command.
Unknown command.
Hasart's illusion hits you but does no damage.
The tarantella bites you but does no damage.
Mara gestures at you. The bolt of fire hits you!! You resist.
* * * LOW HITPOINT WARNING * * *
Mara pulls away from the web.
Mara blinks!
Unknown command.
You feel less confused. Hasart's illusion hits you!
You die...

####......#..## #^..#.^###.
#....#....##.# ###.[#...#..
##...^###..### #..^##..^#..
##..##.^.#########..##..#####
#..##.....###..#.#..#...#.... ##
###....###.##..#.....###.#..#†
.###......# ###..R#R..#........#.
.....^###########s..#.#.#.#.#....
.....## ##.#.#@@...#########...
..#..## ##......#>..(####...###.
.###..# #.#..#.##.#§...##....#..
.# #######....#######..#.###..###
## ###.#.###....#.^####...s...#.#
.# #.#.....##...#...#..##...#....
####....#...#.#.......###...##..#
.#.#..#.##..###.>#.#^.# ######..#
......####^^#....##..## #.....


You could see 2 Maras, a tarantella and Hasart's illusion.

Vanquished Creatures
  Arachne (Spider:2)
  Kirke (Spider:3)
  A tengu reaver (D:15)
  An orc warlord (Orc:2)
  The ghost of wakim the Warrior, a journeyman MiBe of Trog (Lair:6)
  2 emperor scorpions
  4 entropy weavers
  A spark wasp (Spider:1)
  3 ettins (D:15)
  Fannar (D:11)
  3 vault guards (D:13)
  3 yaktaur captains (D:15)
  The ghost of DavidChitty2 the Thaumaturge, a journeyman GnWz of Gozag (Lair:2)
  3 boulder beetles
  14 centaur warriors
  2 ghost crabs (Lair:3)
  3 catoblepae
  7 hydras
  An ogre mage (D:15)
  4 death yaks
  3 two-headed ogres
  A death knight (D:14)
  A dancing weapon (Lair:6)
  4 orc high priests (Orc:2)
  Urug (Lair:2)
  5 fire crabs (Lair:3)
  Sonja (D:11)
  3 unseen horrors
  A sea snake (shapeshifter) (D:15)
  Pikel (D:5)
  A wolf spider zombie (D:15)
  A deep elf pyromancer (D:15)
  2 wizards
  3 necromancers
  An oklob plant (Lair:2)
  2 manticores (D:15)
  13 wolf spiders
  3 orc knights (Orc:2)
  9 orb spiders
  6 ugly things
  4 orc sorcerers (Orc:2)
  8 cyclopes
  11 elephants (Lair:6)
  A moth of wrath (Spider:2)
  8 black mambas
  3 centaur zombies
  A guardian serpent (shapeshifter) (D:14)
  4 ice statues (IceCv)
  4 gargoyles
  An apocalypse crab (Lair:3)
  17 cane toads
  2 torpor snails (Lair:5)
  Joseph (Lair:1)
  2 yaktaurs
  4 demonic crawlers
  3 rime drakes
  8 ice devils (IceCv)
  9 komodo dragons
  A meliai (D:15)
  10 jumping spiders
  4 polar bears
  A jumping spider (shapeshifter) (D:15)
  A queen bee (Lair:3)
  9 trolls
  9 hornets
  9 slime creatures
  20 blink frogs
  22 dream sheep
  A snapping turtle (shapeshifter) (D:15)
  13 tarantellas
  3 centaur simulacra
  14 spriggans
  43 redbacks
  8 shadows
  5 wyverns
  A vampire (D:13)
  A hog (Spider:3)
  53 yaks
  6 basilisks
  A wraith (D:15)
  A steam dragon (D:15)
  Grum (Lair:1)
  17 humans (D:13)
  9 vampire mosquitoes
  2 swamp worms (Lair:4)
  5 wargs (Orc:2)
  A soldier ant (D:14)
  2 acid dragons
  Duvessa (D:6)
  18 water moccasins
  5 sky beasts
  A black bear (shapeshifter) (D:15)
  38 orc warriors
  10 ice beasts
  2 hornet zombies (D:12)
  An eye of draining (D:12)
  11 ogres
  9 black bears
  38 wolves
  3 boggarts (Lair:6)
  6 centaurs
  7 phantoms
  4 kobold brigands
  26 bullfrogs
  Dowan (D:6)
  6 scorpions
  A troll zombie (D:11)
  27 killer bees
  3 electric eels
  13 wights
  7 howler monkeys
  2 draconian simulacra (IceCv)
  A quasit (D:12)
  7 hounds
  6 jellies
  A bullfrog zombie (D:12)
  18 orc priests
  3 bullfrog skeletons
  4 centaur skeletons
  10 orc wizards
  5 iguanas
  3 troll simulacra (IceCv)
  8 worker ants
  Terence (D:2)
  10 hell rats
  A spriggan simulacrum (IceCv)
  5 ogre zombies (D:11)
  A hound zombie (D:8)
  A hound skeleton (D:7)
  7 gnolls
  14 adders
  2 naga simulacra (IceCv)
  2 shadow imps
  5 white imps
  2 ufetubi
  2 oozes
  An adder zombie (D:7)
  2 adder skeletons
  A worm (D:5)
  2 dart slugs
  5 leopard geckos
  103 orcs
  6 giant cockroaches
  10 goblins
  9 hobgoblins
  7 jackals
  8 quokkas
  3 ball pythons
  9 bats
  9 frilled lizards
  A goblin skeleton (D:11)
  A goblin zombie (D:11)
  A hobgoblin skeleton (D:11)
  2 hobgoblin zombies (D:11)
  29 kobolds
  3 orc skeletons (D:11)
  11 orc zombies (D:11)
  10 rats
1075 creatures vanquished.

Vanquished Creatures (others)
  A hydra (Lair:2)
  An unseen horror (D:15)
  2 wizards
  2 humans (Spider:3)
  An orc wizard (D:4)
  66 fungi
  77 plants
150 creatures vanquished.

Grand Total: 1225 creatures vanquished

Notes
Turn   | Place    | Note
-------+----------+-------------------------------------------
     0 | D:1      | Hasart the Demigod Fighter began the quest for the Orb.
     0 | D:1      | Reached XP level 1. HP: 18/18 MP: 3/3
    97 | D:1      | Reached skill level 2 in Long Blades
   138 | D:1      | Reached XP level 2. HP: 24/25 MP: 4/4
   500 | D:1      | Reached XP level 3. HP: 29/30 MP: 5/5
  1606 | D:2      | Reached XP level 4. HP: 30/38 MP: 6/6
  1722 | D:2      | Reached skill level 1 in Dodging
  1793 | D:2      | Noticed Terence
  1799 | D:2      | Killed Terence
  1800 | D:2      | Reached skill level 1 in Throwing
  1961 | D:3      | Reached skill level 3 in Long Blades
  2375 | D:3      | Found a shimmering blue altar of Sif Muna.
  2416 | D:3      | Reached XP level 5. HP: 45/45 MP: 7/7
  2421 | D:3      | Identified Sif Muna's Incunabulum of Ignition
  2427 | D:3      | Found a bloodstained altar of Trog.
  2482 | D:3      | You fall into a shaft and drop 1 floor!
  3048 | D:3      | HP: 2/45 [poisoned by an orc priest]
  3398 | D:3      | You fall into a shaft and drop 3 floors!
  3513 | D:5      | Entered Level 5 of the Dungeon
  3772 | D:5      | Noticed an ogre
  3790 | D:5      | Killed an ogre
  3791 | D:5      | Reached XP level 6. HP: 28/51 MP: 8/8
  3957 | D:5      | Found Kuewkah's Assorted Antiques.
  3981 | D:5      | Bought a glowing falchion for 144 gold pieces
  4171 | D:4      | Reached skill level 4 in Long Blades
  5042 | D:5      | Reached XP level 7. HP: 52/58 MP: 9/9
  5099 | D:5      | Noticed Pikel
  5113 | D:5      | Killed Pikel
  5114 | D:5      | Reached skill level 5 in Long Blades
  5443 | D:5      | Found an opulent altar of Gozag.
  5528 | D:5      | Reached XP level 8. HP: 58/67 MP: 10/10
  5632 | D:5      | Found a stormy altar of Qazlal.
  5745 | D:5      | Reached skill level 1 in Maces & Flails
  5765 | D:5      | Found an iron altar of Okawaru.
  5769 | D:5      | Found a shimmering altar of Xom.
  6319 | D:6      | Found a snail-covered altar of Cheibriados.
  6321 | D:6      | Found a radiant altar of Vehumet.
  6327 | D:6      | Found an opulent altar of Gozag.
  6418 | D:6      | Found Mugh's Antique Weapon Shoppe.
  6424 | D:6      | Bought a shimmering falchion for 184 gold pieces
  6424 | D:6      | Identified the +6 falchion of the Snake Pit {holy, Str+7}
                  | (You bought it in a shop on level 6 of the Dungeon)
  6568 | D:6      | Noticed Duvessa
  6568 | D:6      | Noticed Dowan
  6583 | D:6      | Killed Duvessa
  6596 | D:6      | Killed Dowan
  7160 | D:6      | Reached skill level 6 in Long Blades
  7404 | D:7      | Reached skill level 5 in Fighting
  7404 | D:7      | Reached XP level 9. HP: 70/74 MP: 11/11
  7409 | D:7      | Reached skill level 5 in Armour
  7417 | D:7      | Reached skill level 5 in Shields
  8298 | D:7      | Found a staircase to the Ecumenical Temple.
  8446 | D:8      | Reached skill level 7 in Long Blades
  9079 | D:9      | Found a sparkling altar of Nemelex Xobeh.
  9603 | D:9      | Reached XP level 10. HP: 83/83 MP: 13/13
  9733 | D:10     | Entered Level 10 of the Dungeon
 10239 | D:10     | Reached skill level 5 in Dodging
 10670 | D:10     | Reached skill level 5 in Throwing
 10673 | D:10     | Reached skill level 8 in Long Blades
 11323 | D:11     | Noticed Fannar
 11324 | D:11     | Noticed a boulder beetle
 11716 | D:11     | Killed Fannar
 11731 | D:10     | Killed a boulder beetle
 12049 | D:11     | Found Pissef's Assorted Antiques.
 12058 | D:11     | Bought a scroll labelled QEOF MAGEIWIQ for 24 gold pieces
 12058 | D:11     | Bought a grey potion for 21 gold pieces
 12058 | D:11     | Bought a bubbling silvery potion for 21 gold pieces
 12058 | D:11     | Bought a fuming ruby potion for 21 gold pieces
 12058 | D:11     | Bought a scratched bronze ring for 120 gold pieces
 12184 | D:11     | Found a staircase to the Orcish Mines.
 12249 | D:11     | Noticed Sonja
 12278 | D:11     | Killed Sonja
 12279 | D:11     | Reached XP level 11. HP: 67/77 MP: 14/14
 12328 | D:11     | Noticed a seven-headed hydra
 13091 | D:12     | Noticed a two-headed ogre
 13099 | D:12     | Killed a two-headed ogre
 13404 | D:12     | Noticed a five-headed hydra
 13423 | D:12     | Killed a five-headed hydra
 13424 | D:12     | Reached skill level 9 in Long Blades
 13424 | D:12     | Reached skill level 5 in Maces & Flails
 14312 | D:11     | Found Donuukh's Distillery.
 14314 | D:11     | Bought a potion of heal wounds for 90 gold pieces
 14314 | D:11     | Bought a potion of curing for 54 gold pieces
 14314 | D:11     | Bought a potion of cancellation for 144 gold pieces
 14565 | D:11     | Killed an unseen horror
 14733 | D:11     | Found a staircase to the Lair.
 14755 | D:11     | Found Nyb Deri's Book Shoppe.
 14910 | D:11     | Killed an eight-headed hydra
 15245 | D:11     | Found Iciajaqa's Assorted Antiques.
 15687 | D:13     | Found Hout's Weapon Shop.
 16269 | D:13     | Noticed a two-headed ogre
 16284 | D:13     | Killed a two-headed ogre
 16285 | D:13     | Reached skill level 10 in Long Blades
 16285 | D:13     | Reached XP level 12. HP: 75/100 MP: 15/15
 16816 | D:13     | Noticed a centaur warrior
 16825 | D:13     | Killed a centaur warrior
 17338 | D:13     | Found a gate to the Vaults.
 17338 | D:13     | Noticed a vault guard
 17338 | D:13     | Noticed a vault guard
 17338 | D:13     | Noticed a vault guard
 17367 | D:13     | Killed a vault guard
 17385 | D:13     | Killed a vault guard
 17399 | D:13     | Killed a vault guard
 17955 | D:14     | Noticed a centaur warrior
 17962 | D:14     | Reached skill level 11 in Long Blades
 17974 | D:14     | Killed a centaur warrior
 17983 | D:14     | You fall into a shaft and drop 1 floor!
 17983 | D:15     | Entered Level 15 of the Dungeon
 18674 | D:15     | Reached XP level 13. HP: 104/108 MP: 16/16
 20063 | D:15     | Found an ancient bone altar of Kikubaaqudgha.
 20063 | D:15     | Found a radiant altar of Vehumet.
 20065 | D:15     | Found a stormy altar of Qazlal.
 20971 | D:15     | Reached skill level 12 in Long Blades
 21310 | D:15     | Noticed a tengu reaver
 21332 | D:15     | Killed a tengu reaver
 22073 | D:15     | Got a steaming eveningstar
 22074 | D:15     | Identified the +8 eveningstar of Ceep {flame, rPois Stlth+}
                  | (You found it on level 15 of the Dungeon)
 22104 | D:15     | Reached XP level 14. HP: 99/118 MP: 17/17
 22272 | D:15     | Reached skill level 1 in Spellcasting
 22300 | D:15     | Identified the Handbook of Translocation
 22421 | D:15     | Identified the +8 plate armour "Zaper" {rF+ Str+5 Int+2}
                  | (You found it on level 15 of the Dungeon)
 22591 | D:15     | Found a staircase to the Depths.
 22956 | D:15     | Identified a scroll of acquirement
 22956 | D:15     | Acquired a ring of see invisible
 23137 | Orc:1    | Entered Level 1 of the Orcish Mines
 23314 | Orc:2    | Entered Level 2 of the Orcish Mines
 23455 | Orc:2    | Found a staircase to the Elven Halls.
 23741 | Orc:2    | Found a roughly hewn altar of Beogh.
 23955 | Orc:2    | Found a roughly hewn altar of Beogh.
 23978 | Orc:2    | Found Poer's Magic Scroll Shop.
 24021 | Orc:2    | Found a roughly hewn altar of Beogh.
 24130 | Orc:2    | Found a roughly hewn altar of Beogh.
 24217 | Orc:2    | Found a roughly hewn altar of Beogh.
 24252 | Orc:2    | Found Hiraumoterph's Magic Scroll Shop.
 24260 | Orc:2    | Bought a scroll of vulnerability for 97 gold pieces
 24381 | Orc:2    | Noticed an orc warlord
 24502 | Orc:2    | Killed an orc warlord
 24582 | Orc:2    | Found Roel's Antique Armour Shoppe.
 24583 | Orc:2    | Found a roughly hewn altar of Beogh.
 24587 | Orc:2    | Found Rasal's Antique Weapon Emporium.
 24592 | Orc:2    | Bought a shiny kite shield for 247 gold pieces
 24647 | Orc:2    | Found a roughly hewn altar of Beogh.
 24805 | Orc:2    | Found a roughly hewn altar of Beogh.
 24933 | Lair:1   | Entered Level 1 of the Lair of Beasts
 24933 | Lair:1   | Noticed Grum
 24938 | Lair:1   | Killed Grum
 25417 | Lair:1   | Noticed Joseph
 25430 | Lair:1   | Killed Joseph
 25889 | Lair:2   | Found a transporter.
 25933 | Lair:2   | Noticed DavidChitty2's ghost (journeyman GnWz)
 26034 | Lair:2   | Killed DavidChitty2's ghost
 26035 | Lair:2   | Reached skill level 10 in Armour
 26093 | Lair:2   | Found a transporter.
 26247 | Lair:2   | Noticed Urug
 26254 | Lair:2   | Killed Urug
 26472 | Lair:2   | Reached skill level 10 in Fighting
 26813 | Lair:2   | Found a hole to the Spider Nest.
 26932 | Lair:3   | Reached XP level 15. HP: 120/126 MP: 23/23
 27069 | Lair:3   | Reached skill level 10 in Shields
 27633 | Lair:3   | Found a runed translucent door.
 28182 | Lair:4   | Found a frozen archway.
 28209 | IceCv    | Entered an ice cave
 28945 | Lair:4   | Found a sacrificial altar of Ru.
 29027 | Lair:4   | Acquired the ring of the Final Decision {rPois Str+6}
 29156 | Lair:4   | Acquired the -4 pair of gloves "Nosunaun" {rElec rN+ Will+}
 29338 | Lair:4   | Found a staircase to the Swamp.
 29659 | Lair:5   | Reached skill level 10 in Dodging
 29676 | Lair:4   | Reached skill level 10 in Throwing
 30228 | Lair:5   | Found a runed translucent gate.
 30228 | Lair:5   | Found a runed translucent gate.
 30230 | Lair:5   | Found a runed translucent gate.
 30233 | Lair:5   | Noticed Retesyof's ghost (journeyman MiFi)
 30726 | Lair:6   | Entered Level 6 of the Lair of Beasts
 30726 | Lair:6   | Found a white marble altar of Elyvilon.
 31296 | Lair:6   | Reached XP level 16. HP: 134/136 MP: 27/27
 31394 | Lair:6   | Reached skill level 5 in Spellcasting
 31784 | Lair:6   | Found a staircase to the Slime Pits.
 31785 | Lair:6   | Found a viscous altar of Jiyva.
 31814 | Lair:6   | Reached skill level 10 in Maces & Flails
 31828 | Lair:6   | Found a runed translucent door.
 31830 | Lair:6   | Found a shimmering altar of Xom.
 31830 | Lair:6   | Noticed wakim's ghost (journeyman MiBe)
 32154 | Lair:6   | Killed wakim's ghost
 32307 | Spider:1 | Entered Level 1 of the Spider Nest
 32412 | Spider:1 | Paralysed by a hornet for 1 turns
 33470 | Spider:2 | Noticed Arachne
 33613 | Spider:2 | Killed Arachne
 33614 | Spider:2 | Reached skill level 1 in Evocations
 34351 | Spider:3 | Identified the +7 halberd of Ru's Benevolence {holy, rPois
                  | Will+ Str+2 Dex+4} (You found it on level 3 of the Spider
                  | Nest)
 34563 | Spider:3 | Noticed Kirke
 34566 | Spider:3 | Noticed Mara
 34571 | Spider:3 | Noticed a sphinx
 34574 | Spider:3 | Noticed Hasart's illusion
 34575 | Spider:3 | Killed Kirke
 35077 | Spider:3 | Noticed Hasart's illusion
 35131 | Spider:4 | Entered Level 4 of the Spider Nest
 35143 | Spider:3 | HP: 4/137 [Mara (illusionary)/bolt of fire (22)]
 35144 | Spider:3 | Mangled by Hasart's illusion (illusionary)

Illustrated notes

Levels and vault maps discovered:
D:1:      dpeg_arrival_renting, layout_rooms, minmay_heptomino_h4
D:2:      layout_basic, minmay_increasing_density, uniq_terence
D:3:      layout_basic, nzn_overflow_gifts_of_might_and_magic, serial_curves,
          eino_curves_04, eino_curves_04
D:4:      layout_loops_corners, serial_bayou, serial_bayou_pond_b,
          serial_bayou_ford_a, serial_bayou_pond_d, serial_bayou_pond_a
D:5:      layout_loops_corners, kennysheep_mini_moat, minitemple, serial_shops,
          nicolae_shop_stone, basic_altar, uniq_pikel
D:6:      layout_loops_ring, gammafunk_temple_overflow_forgotten, serial_shops,
          shop, amcnicky_mini_pool_small, chequers_hall_statues_corner_a,
          uniq_duvessa
D:7:      layout_basic, minmay_temple_entry_poolview, roderic_malta_cross,
          eino_tiny_chamber
D:8:      lemuel_upstairs_altar, layout_rooms, chequers_jeans
D:9:      layout_cave_pods, nemelex_xobeh_ov_fountains_minmay
D:10:     layout_stronghold
D:11:     layout_basic, due_lair_maze_entry_diamond, zombieorc1_lemuel,
          serial_shops, shop, shop, nicolae_shop_trees, shop, uniq_fannar,
          uniq_sonja
D:12:     layout_basic, grunt_ministairs_13, minmay_fractal_squares_gapless_5
D:13:     layout_cave_pools, grunt_vaults_entry_tiered, serial_shops,
          nicolae_shop_trees, kennysheep_generic_room_16
D:14:     layout_long_grid, special_room [special_room_orc],
          chequers_decorated_corner
D:15:     hangedman_slaughterboxes
Lair:1:   layout_hall_layers, uniq_joseph, uniq_grum
Lair:2:   layout_cave_shapes, nicolae_spider_entry_orb_guardian,
          nzn_ghost_randoct, uniq_urug
Lair:3:   gammafunk_mikee_crab_dinner, layout_loops_ring, special_room
          [special_room_bee], st_stairs_12
Lair:4:   layout_cave_pods, nicolae_swamp_entry_splash_gauntlet,
          portal_ice_cave_entry_ice_beasts, amcnicky_altar_gilded
Lair:5:   layout_roguey, gammafunk_ghost_ooze, serial_bayou_pond_d,
          grunt_forest_large_clearing_hut
Lair:6:   minmay_lair_end_enchanted_forest, layout_long_grid, slime_altar_1,
          basic_altar, ebering_ghost_xom, lemuel_fruit_fields,
          grunt_megastairs_4, lemuel_fruit_tree
Spider:1: layout_spider_delve, nicolae_spider_webs_and_nodes
Spider:2: layout_spider_delve, special_room, uniq_arachne
Spider:3: layout_spider_delve, hangedman_spider_tarantella_strand, uniq_kirke,
          uniq_mara
Spider:4: grunt_spider_rune_circles
Orc:1:    layout_diamond_mine
Orc:2:    grunt_orc_community_town_hall, layout_caves,
          grunt_orc_community_big_house_2, grunt_orc_community_big_house_1,
          grunt_orc_community_house_3, grunt_orc_community_house_3,
          grunt_orc_community_house_2, grunt_orc_community_house_1,
          bh_open_orc_temple

Skill      XL: |  1  2  3  4  5  6  7  8  9 10 11 12 13 14 15 16 |
---------------+-------------------------------------------------+-----
Long Blades    | 2 3 4 5 6 7 8 10 11 12 | 12.2
Fighting       | 3 4 5 6 7 8 9 10 11 | 11.1
Armour         | 3 4 5 6 7 8 9 10 11 | 11.2
Shields        | 3 4 5 6 7 8 9 10 11 | 11.1
Dodging        | 1 2 3 4 5 6 7 8 9 10 | 10.8
Throwing       | 1 2 3 4 5 6 7 8 9 10 | 10.8
Maces & Flails | 2 3 4 5 7 9 10 | 10.7
Spellcasting   | 3 4 5 |  5.9
Evocations     | 1 |  1.8

Action                   |  1- 3 |  4- 6 |  7- 9 | 10-12 | 13-15 | 16-18 || total
-------------------------+-------+-------+-------+-------+-------+-------++-------
Melee: Long sword        |   127 |   256 |   127 |   403 |   352 |       ||  1265
       Falchion          |       |       |   335 |   608 |     6 |       ||   949
       Whip              |       |       |       |    21 |    12 |       ||    33
       Eveningstar       |       |       |       |       |  1300 |   527 ||  1827
Throw: Dart              |       |     5 |     4 |    15 |       |       ||    24
       Javelin           |       |       |       |       |       |     3 ||     3
  Use: Potion            |       |     2 |       |     2 |    13 |     2 ||    19
       Scroll            |       |       |       |       |    19 |     7 ||    26
 Stab: Petrified         |       |       |       |       |     8 |       ||     8
Armor: Scale mail        |    62 |    80 |       |       |       |       ||   142
       Chain mail        |       |    22 |   185 |   428 |   168 |       ||   803
       Plate armour      |       |       |       |       |   791 |   383 ||  1174
Dodge: Dodged            |    31 |    62 |   100 |   348 |  1016 |   433 ||  1990
Block: Kite shield       |   119 |   231 |   401 |   888 |  1590 |   590 ||  3819
       Reflection        |     2 |     5 |    10 |    19 |    29 |       ||    65
       Rpst.: Long sword |    11 |    24 |     7 |    31 |    20 |       ||    93
       Falchion          |       |       |    16 |    46 |       |       ||    62

Table legend: (Time is in decaauts)
 A = Elapsed time spent in this place.
 B = Non-inter-level travel time spent in this place.
 C = Inter-level travel time spent in this place.
 D = Time resting spent in this place.
 E = Time spent auto-exploring this place.
 F = Levels seen in this place.
 G = Mean time per level.
                   A        B        C        D        E       F      G
               +--------+--------+--------+--------+--------+-----+--------+
         Total |  35832 |  34602 |   1230 |   2994 |  23384 |  28 | 1279.7 |
       Dungeon |  23535 |  22770 |    765 |   2488 |  15505 |  15 | 1569.0 |
          Lair |   7072 |   6733 |    339 |    106 |   4822 |   6 | 1178.7 |
   Spider Nest |   2869 |   2823 |     46 |    271 |   1852 |   4 |  717.2 |
  Orcish Mines |   1846 |   1767 |     79 |     22 |   1065 |   2 |  923.0 |
      Ice Cave |    508 |    508 |      0 |    107 |    139 |   1 |  508.0 |
               +--------+--------+--------+--------+--------+-----+--------+

Top non-repeatable levels by time:
    D:15: 3871 daAuts
    D:12: 2374 daAuts
    D:10: 2119 daAuts
    D:11: 1914 daAuts
    D:13: 1840 daAuts
     D:5: 1788 daAuts
   Orc:2: 1609 daAuts
  Lair:6: 1487 daAuts
     D:2: 1406 daAuts
    D:14: 1369 daAuts
     D:3: 1295 daAuts
  Lair:3: 1262 daAuts
     D:6: 1201 daAuts
  Lair:5: 1150 daAuts
  Lair:4: 1119 daAuts
